 Dungeon Crawl Stone Soup version 0.21.0-24-g2553a33 (webtiles) character file.

378 Moloch the Chopper (level 6, -2/39 HPs)
             Began as a Gargoyle Fighter on Jan 21, 2018.
             Killed by divine providence
             ... invoked by an orc priest
              (15 damage)
             ... on level 3 of the Dungeon.
             The game lasted 00:02:46 (1676 turns).

Moloch the Chopper (Gargoyle Fighter)               Turns: 1676, Time: 00:02:47

Health: -2/39      AC: 11    Str: 20    XL:     6   Next: 74%
Magic:  6/6        EV:  7    Int:  8    God:
Gold:   192        SH:  9    Dex: 11    Spells: 5/5 levels left

rFire    . . .     SeeInvis .   a - +0 war axe
rCold    . . .     Gourm    .   c - +0 shield
rNeg     + . .     Faith    .   b - +0 scale mail
rPois    ∞         Spirit   .   (no helmet)
rElec    +         Reflect  .   (no cloak)
rCorr    .         Harm     .   (no gloves)
MR       +....                  (no boots)
Stlth    ..........             (no amulet)
HPRegen  0.13/turn              n - ring of protection from magic
MPRegen  0.10/turn              (no ring)

@: no status effects
A: negative energy resistance 1, electricity resistance, unbreathing,
petrification resistance, rot immunity, AC +4
a: no special abilities


You were on level 3 of the Dungeon.
You were not hungry.

You visited 1 branch of the dungeon, and saw 3 of its levels.

You collected 192 gold pieces.

Inventory:

Hand Weapons
 a - a +0 war axe (weapon)
Armour
 b - a +0 scale mail (worn)
 c - a +0 shield (worn)
Jewellery
 n - a ring of protection from magic (left hand)
Scrolls
 g - a scroll of enchant weapon {unknown}
 h - 2 scrolls of identify {unknown}
 j - a scroll of immolation {unknown}
 k - a scroll of blinking {unknown}
 m - 2 scrolls of remove curse {unknown}
 p - a scroll of magic mapping {unknown}
Potions
 d - a potion of might
 e - a potion of cancellation {unknown}
 i - a potion of agility {unknown}
 o - a potion of resistance {unknown}
Comestibles
 f - 2 rations
 l - 2 chunks of flesh


   Skills:
 + Level 4.4 Fighting
 * Level 5.8 Axes
 - Level 3.2 Armour
 - Level 3.2 Shields


You had 5 spell levels left.
You didn't know any spells.

Dungeon Overview and Level Annotations

Branches:
Dungeon (3/15)

Altars:
Yredelemnul


Innate Abilities, Weirdness & Mutations

You are resistant to torment.
Your stone body is resilient. (AC +4)
You are immune to poison.
You resist negative energy. (rN+)
You are resistant to electric shocks. (rElec)
You can survive without breathing.
You are immune to petrification.
You are immune to rotting.


Message History

The orc priest invokes the aid of Beogh against you.
Beogh smites you!
* * * LOW HITPOINT WARNING * * *
You hear a shout! x2
You hit the orc priest.
The orc priest is severely wounded.
The orc priest hits you but does no damage.
You block the orc priest's attack.
You hit the orc priest.
The orc priest is almost dead.
The orc priest barely misses you.
An orc comes into view.
You closely miss the orc priest.
The orc priest is almost dead.
You aren't carrying any items that you can evoke.
An orc comes into view. It is wielding a flail.
The orc priest looks encouraged for a moment.
The orc priest invokes the aid of Beogh against you.
Beogh smites you!
You die...

#o#.# .. ##... #
#..##.####.####.... #.
##o................ ..
##..##.#..#.####....
#.#.#.#o# # #.....
#.......## #.##..
#.##...o.# #.####
####..# ###.# #
#.#####@.##### ##.†.## #
#............###.....###
#####.#.#.#..##.......##
##.._..#..###.)...###
#.)#.###..####...####
#..#.###...(##.#####.
#..#..............##.
#........#....##..##.
#.##.#####..#.##..##.


You could see an orc priest and 2 orcs.

Vanquished Creatures
  The ghost of appiemonkey the Slasher, an amateur DsGl (D:3)
  A vampire bat (D:3)
  An orc wizard (D:3)
  2 orc priests (D:3)
  4 gnolls
  3 adders
  An ooze (D:2)
  2 worms
  8 dart slugs
  2 leopard geckos (D:1)
  3 orcs (D:3)
  4 giant cockroaches
  6 goblins
  6 hobgoblins
  4 jackals
  5 quokkas
  A ball python (D:3)
  10 bats
  2 frilled lizards
  7 kobolds
  8 rats
81 creatures vanquished.

Notes
Turn   | Place    | Note
-------+----------+-------------------------------------------
     0 | D:1      | Moloch the Gargoyle Fighter began the quest for the Orb.
     0 | D:1      | Reached XP level 1. HP: 14/14 MP: 1/1
    47 | D:1      | Reached skill level 2 in Axes
    86 | D:1      | Reached XP level 2. HP: 17/19 MP: 2/2
   165 | D:1      | Reached XP level 3. HP: 18/24 MP: 3/3
   565 | D:2      | Reached skill level 3 in Axes
   719 | D:2      | Reached XP level 4. HP: 29/29 MP: 4/4
   750 | D:2      | Found a faded altar of an unknown god.
  1095 | D:3      | Reached skill level 4 in Axes
  1095 | D:3      | Reached XP level 5. HP: 33/33 MP: 5/5
  1238 | D:3      | Reached skill level 5 in Axes
  1238 | D:3      | Reached XP level 6. HP: 19/39 MP: 6/6
  1559 | D:3      | Noticed appiemonkey's ghost (amateur DsGl)
  1628 | D:3      | Killed appiemonkey's ghost
  1640 | D:3      | Found a basalt altar of Yredelemnul.
  1676 | D:3      | Killed from afar by an orc priest

Skill      XL: |  1  2  3  4  5 |
---------------+----------------+-----
Axes           | 2 3 4 5 |  5.8
Fighting       | 4 |  4.4
Armour         | |  3.2
Shields        | |  3.2

Action                   |  1- 3 |  4- 6 || total
-------------------------+-------+-------++-------
Melee: War axe           |    88 |   190 ||   278
  Eat: Chunk             |       |     3 ||     3
Armor: Scale mail        |    37 |    95 ||   132
Dodge: Dodged            |    31 |    75 ||   106
Block: Shield            |    45 |   103 ||   148
